 Dungeon Crawl Stone Soup version 0.22-a0-159-g7ce444f (webtiles) character file.

246 mhoghedin the Chiller (level 5, -2/57 HPs)
             Began as a Draconian Ice Elementalist on Feb 9, 2018.
             Killed from afar by Natasha (9 damage)
             ... with a wand of flame (20)
             ... on level 3 of the Dungeon.
             The game lasted 00:08:41 (2841 turns).

mhoghedin the Chiller (Draconian Ice Elementalist)  Turns: 2841, Time: 00:08:42

Health: -2/57      AC:  5    Str: 13 (16) XL:     5   Next: 84%
Magic:  8/10       EV: 12    Int: 16      God:
Gold:   163        SH:  0    Dex: 10 (11) Spells: 5/11 levels left

rFire    . . .     SeeInvis .   c - +2 dagger (elec)
rCold    . . .     Gourm    .   (no shield)
rNeg     . . .     Faith    .   (armour unavailable)
rPois    .         Spirit   .   (helmet restricted)
rElec    .         Reflect  .   (no cloak)
rCorr    .         Harm     .   (no gloves)
MR       .....                  (no boots)
Stlth    ..........             i - amulet of inaccuracy (curse)
HPRegen  0.19/turn              (no ring)
MPRegen  0.12/turn              (no ring)

@: mighty, berserking, very slightly contaminated, slowed, invisible
A: unfitting armour, cold-blooded, AC +5
a: no special abilities


You were on level 3 of the Dungeon.
You were not hungry.

You visited 1 branch of the dungeon, and saw 3 of its levels.

You collected 163 gold pieces.

Inventory:

Hand Weapons
 c - a +2 dagger of electrocution (weapon)
   (You took it off an orc on level 3 of the Dungeon)
 l - a +1 dagger of venom
   (You took it off a goblin on level 3 of the Dungeon)
 q - a +1 spear
   (You took it off a gnoll on level 2 of the Dungeon)
Jewellery
 i - a cursed amulet of inaccuracy (around neck)
   (You found it on level 1 of the Dungeon)
Scrolls
 d - a scroll of blinking {!r}
 e - 4 scrolls of identify {unknown}
 g - a scroll of immolation {!r}
Potions
 f - a potion of resistance {unknown}
 j - 2 potions of might
 k - a potion of agility {unknown}
 m - a potion of flight {unknown}
Books
 a - a book of Frost
Comestibles
 b - 5 rations


   Skills:
 - Level 1.7 Dodging
 - Level 1.7 Stealth
 + Level 3.7 Spellcasting
 + Level 2.2 Conjurations
 + Level 1.7 Charms
 + Level 4.5 Ice Magic


You had 5 spell levels left.
You knew the following spells:

 Your Spells              Type           Power        Failure   Level  Hunger
a - Freeze                Ice            ###.         2%          1    None
x - Throw Frost           Conj/Ice       ##....       6%          2    ##.....
A - Ozocubu's Armour      Chrm/Ice       ##......     14%         3    ###....


Dungeon Overview and Level Annotations

Branches:
Dungeon (3/15)

Altars:
Xom

Annotations:
D:3 Natasha


Innate Abilities, Weirdness & Mutations

Your plain brown scales are hard. (AC +5)
You cannot fit into any form of body armour.
You are cold-blooded and may be slowed by cold attacks.


Message History

The bat barely misses you.
The bat closely misses you. x2; The bat hits you but does no damage.
You hit the bat but do no damage.
The bat is poisoned.
The bat misses you. x2
The bat hits you but does no damage. The bat hits you but does no damage.
The bat barely misses you.
You barely miss the bat. The bat barely misses you.
An ooze comes into view.
You kill the bat!
There is an escape hatch in the floor here.
You see here a bat corpse.
Natasha, Servant of Life and Death comes into view.
Natasha hisses angrily.
Natasha zaps a wand.
The puff of flame hits you!
It is a wand of flame (22).
You take 2 damage, and have 35/38 hp.
Natasha stares at you and mumbles some strange words.
You feel yourself slow down.
Unknown command.
The ooze quivers.
Natasha howls an incantation.
Natasha shimmers violently.
Natasha extends her claws.
Natasha stares at you and mumbles some strange words.
You feel as though you will be slow longer.
Natasha mumbles some strange words.
Natasha glows brightly for a moment.
Natasha casts a spell at you.
You feel as though you will be slow longer.
MP restored: 10 Unknown command.
Natasha claws you but does no damage. Natasha closely misses you.
Aim: Natasha, carrying a wand of flame (22)
You freeze Natasha.
Natasha casts a spell.
The orc hits you but does no damage.
You now have 9/10 mp.
Aim: Natasha, carrying a wand of flame (22) (severely wounded)
You freeze Natasha.
You kill Natasha!
Natasha growls in agony!
The white imp disappears in a puff of smoke!
You feel your intelligence returning. The orc hits you but does no damage.
The ooze misses you.
You now have 8/10 mp.
Aim: an ooze You freeze the ooze.
The orc barely misses you. The ooze barely misses you.
The orc barely misses you.
You now have 7/10 mp.
Aim: an ooze (moderately wounded)
You freeze the ooze.
You kill the ooze!
The orc hits you with a dagger of electrocution.
You are electrocuted!
Ouch! That really hurt!
* * * LOW HITPOINT WARNING * * *
You take 25 damage, and have 11/38 hp.
MASSIVE DAMAGE!!
You now have 6/10 mp.
Aim: an orc, wielding a dagger of electrocution You freeze the orc.
You kill the orc!
You now have 5/10 mp.
Things that are here:
a dagger of electrocution; a potion of degeneration {!q}
c - a dagger of electrocution Wield which item (- for none, * to show all)? (? for menu, Esc to quit)
Your +1 dagger of venom stops dripping with poison.
You hear the crackle of electricity.
c - a +2 dagger of electrocution (weapon)
All of the chunks of flesh in your inventory have rotted away.
You start resting.
A rat comes into view.
Natasha, Servant of Life and Death comes into view.
There is a stone staircase leading down here.
There is a stone staircase leading up, spattered with blood here.
Aim: Natasha You freeze Natasha.
Natasha zaps a wand.
The puff of flame hits you!
* * * LOW HITPOINT WARNING * * *
It is a wand of flame (21).
You take 7 damage, and have 6/38 hp.
You now have 7/10 mp.
It was a potion of might.
You feel very mighty all of a sudden. Natasha misses you.
Natasha closely misses you.
Unknown command.
It was a potion of invisibility.
You fade into invisibility!
The rat bites you but does no damage.
Natasha zaps a wand.
The puff of flame misses you. The rat barely misses you.
You are very lightly contaminated with residual magic.
It was a potion of berserk rage.
A red film seems to cover your vision as you go berserk!
You feel yourself moving faster!
You feel mighty! Natasha claws you.
* * * LOW HITPOINT WARNING * * *
The rat barely misses you.
Natasha zaps a wand.
The puff of flame hits you!
You die...

#..#.........###.#.......##
##.#...#.#...............##
#..)......................#
#.....#......###.....#.....
#...................#......
#......#........##.##.....#
...........#...#..##.#.......
##########.#...#............#
... #.#@r.>...!#..#..... ..P.
#..h..###.....#..... P...P
#.....##........#..# ###
#.....#.....r......#
.#.....#..........###
.P#................#..
.P.#................### .
#..................# .#
#.......######..#..#


You could see Natasha and a rat.

Vanquished Creatures
  An orc priest (D:3)
  An orc wizard (D:3)
  Natasha (twice) (D:3)
  3 gnolls (D:2)
  3 oozes
  2 worms
  3 dart slugs
  6 leopard geckos
  2 orcs (D:3)
  A ball python (D:1)
  5 bats
  4 giant cockroaches
  14 goblins
  6 hobgoblins
  8 jackals
  2 quokkas (D:2)
  5 frilled lizards
  4 kobolds
  5 rats
77 creatures vanquished.

Notes
Turn   | Place    | Note
-------+----------+-------------------------------------------
     0 | D:1      | mhoghedin the Draconian Ice Elementalist began the quest for the Orb.
     0 | D:1      | Reached XP level 1. HP: 14/14 MP: 3/3
   207 | D:1      | Reached XP level 2. HP: 17/20 MP: 0/5
   839 | D:1      | Reached XP level 3. HP: 24/26 MP: 0/7
  1294 | D:2      | Found a shimmering altar of Xom.
  1297 | D:2      | Found an ancient bone altar of Kikubaaqudgha.
  1297 | D:2      | Found a hazy altar of Hepliaklqana.
  1301 | D:2      | Found a hazy altar of Hepliaklqana.
  1301 | D:2      | Found an ancient bone altar of Kikubaaqudgha.
  1301 | D:2      | Found a snail-covered altar of Cheibriados.
  1332 | D:2      | Reached skill level 3 in Spellcasting
  1445 | D:2      | Learned a level 2 spell: Throw Frost
  1449 | D:2      | Learned a level 3 spell: Ozocubu's Armour
  1482 | D:2      | Reached skill level 4 in Ice Magic
  1709 | D:2      | Reached XP level 4. HP: 32/33 MP: 5/8
  2227 | D:2      | HP: 8/33 [jackal (2)]
  2477 | D:3      | Reached skill level 1 in Charms
  2490 | D:3      | Noticed Natasha
  2583 | D:3      | Reached XP level 5. HP: 28/38 MP: 4/10
  2587 | D:3      | Reached skill level 2 in Conjurations
  2780 | D:3      | Killed Natasha
  2810 | D:3      | Noticed Natasha
  2820 | D:3      | Killed Natasha
  2835 | D:3      | Noticed Natasha
  2838 | D:3      | HP: 6/38 [Natasha/wand of flame (22) (7)]
  2841 | D:3      | Killed from afar by Natasha

Vault maps used:
D:1:      grunt_arrival_crossed_arrows
D:2:      wad_woods_tower, doesnt_xom_only_xom, first_ration,
          minmay_stone_trees_small
D:3:      cheibrodos_pilgrimage, general_overflow_altar,
          cheibrodos_ashenzari_chains, chequers_temple_overflow_minitemple,
          serial_aquarium, aquarium_bridge_square, aquarium_bridge_square,
          aquarium_window_corridor_1, aquarium_window_corner, aquarium_window_2,
          aquarium_view_2c, aquarium_view_2d, minmay_quantized, uniq_natasha,
          uniq_grinder, uniq_ijyb

Skill      XL: |  1  2  3  4  5 |
---------------+----------------+-----
Spellcasting   | 3 |  3.7
Ice Magic      | 4 |  4.5
Charms         | 1 |  1.7
Conjurations   | 2 |  2.2
Dodging        | |  1.7
Stealth        | |  1.7

Action                   |  1- 3 |  4- 6 || total
-------------------------+-------+-------++-------
Melee: Club              |    37 |    12 ||    49
       Tailslap          |     3 |     5 ||     8
       Spear             |       |    83 ||    83
       Dagger            |       |    19 ||    19
 Cast: Freeze            |    69 |    46 ||   115
       Ozocubu's Armour  |       |     3 ||     3
  Use: Scroll            |     3 |     4 ||     7
       Potion            |       |     4 ||     4
  Eat: Chunk             |     2 |     5 ||     7
Armor: Skin              |    32 |    96 ||   128
Dodge: Dodged            |    65 |   155 ||   220

Table legend:
 A = Spawn XP
 B = Non-spawn XP
 C = Spawn XP percentage of total XP
 D = Spawn monster count
 E = Non-spawn monster count
 F = Spawn count percentage of total count
 G = Total turns spent on level
                    A         B        C        D         E        F      G
               +---------+---------+-------+---------+---------+-------+---------
         Total |       0 |     352 |   0.0 |       0 |      77 |   0.0 |  2841
               +---------+---------+-------+---------+---------+-------+---------
           D:1 |       0 |      63 |   0.0 |       0 |      29 |   0.0 |  1288
           D:2 |       0 |      93 |   0.0 |       0 |      26 |   0.0 |  1005
           D:3 |       0 |     196 |   0.0 |       0 |      22 |   0.0 |   548
               +---------+---------+-------+---------+---------+-------+---------

Vault maps used:
D:1:      grunt_arrival_crossed_arrows
D:2:      wad_woods_tower, doesnt_xom_only_xom, first_ration,
          minmay_stone_trees_small
D:3:      cheibrodos_pilgrimage, general_overflow_altar,
          cheibrodos_ashenzari_chains, chequers_temple_overflow_minitemple,
          serial_aquarium, aquarium_bridge_square, aquarium_bridge_square,
          aquarium_window_corridor_1, aquarium_window_corner, aquarium_window_2,
          aquarium_view_2c, aquarium_view_2d, minmay_quantized, uniq_natasha,
          uniq_grinder, uniq_ijyb

Table legend:
 A = Turns spent in this place as a percentage of turns spent in the entire game.
 B = Non-inter-level travel turns spent in this place as a percentage of non-inter-level travel turns spent in the entire game.
 C = Inter-level travel turns spent in this place as a percentage of turns spent in this place.
 D = Turns resting spent in this place as a percentage of non-inter-level travel turns spent in this place.
 E = Turns spent auto-exploring this place as a percentage of non-inter-level travel turns spent in this place.
 F = Non-inter-level travel turns spent in this place divided by the number of levels of this place that you've seen.
                   A       B       C       D       E      F
               +-------+-------+-------+-------+-------+----------------------
         Total | 100.0 | 100.0 |   0.4 |  38.7 |  33.4 | 943.0
       Dungeon | 100.0 | 100.0 |   0.4 |  38.7 |  33.4 | 943.0
               +-------+-------+-------+-------+-------+----------------------

Table legend:
 A = Kills in this place as a percentage of kills in entire the game.
 B = Kills by you in this place as a percentage of kills by you in the entire game.
 C = Kills by friends in this place as a percentage of kills by friends in the entire game.
 D = Other kills in this place as a percentage of other kills in the entire game.
 E = Experience gained in this place as a percentage of experience gained in the entire game.
 F = Experience gained in this place divided by the number of levels of this place that you have seen.
                   A       B       C       D       E      F
               +-------+-------+-------+-------+-------+----------------------
         Total | 100.0 | 100.0 |   N/A |   N/A | 100.0 | 117.3
       Dungeon | 100.0 | 100.0 |   N/A |   N/A | 100.0 | 117.3
               +-------+-------+-------+-------+-------+----------------------
